 Dungeon Crawl Stone Soup version 0.31.0-9-g3a7656b989 (webtiles) character file.

Game seed: 4155183379097868734

205 Kass the Sneak (level 5, -1/31 HPs)
             Began as an Octopode Alchemist on Jan 30, 2024.
             Was a Follower of the Shining One.
             Slain by a hobgoblin (4 damage)
             ... led by Robin
             ... on level 3 of the Dungeon.
             The game lasted 00:09:45 (3382 turns).

Kass the Sneak (Octopode Alchemist)                 Turns: 3382, Time: 00:09:45

Health: -1/31      AC:  1    Str:  7    XL:     5   Next: 83%
Magic:  2/8        EV: 14    Int: 19    God:    the Shining One [*.....]
Gold:   168        SH:  0    Dex: 13    Spells: 5/8 levels left

rFire   . . .        (no weapon)
rCold   . . .        (no shield)
rNeg    . . .        (helmet restricted)
rPois   .            (no amulet)
rElec   .            (no ring)
rCorr   .            (no ring)
SInv    .            (no ring)
Will    .....        (no ring)
Stlth   ++           (no ring)
HPRegen 0.25/turn    (no ring)
MPRegen 0.11/turn    (no ring)
                     (no ring)

%: no passive effects
@: glowing
A: almost no armour, amphibious, 8 rings, camouflage 1, gelatinous body 1,
(nimble swimmer 1), tentacles
a: Renounce Religion, Divine Shield


You were on level 3 of the Dungeon.
You worshipped the Shining One.
The Shining One was aware of your devotion.
You visited 1 branch of the dungeon, and saw 4 of its levels.

You collected 168 gold pieces.

Inventory:

Jewellery
 m - a ring of willpower
 r - an amulet of guardian spirit
Wands
 i - a wand of iceblast (4)
 q - a wand of paralysis (5)
Scrolls
 b - 3 scrolls of acquirement {unknown}
 d - 4 scrolls of fog {unknown}
 e - 3 scrolls of identify {unknown}
 f - 2 scrolls of blinking {unknown}
 h - a scroll of fear {unknown}
 j - a scroll of brand weapon {unknown}
 k - a scroll of poison {unknown}
 n - a scroll of teleportation {unknown}
Potions
 a - a potion of magic
 c - a potion of curing {unknown}
 g - a potion of degeneration {unknown}
 l - 2 potions of resistance {unknown}
 o - a potion of invisibility {unknown}
 p - a potion of might {unknown}


   Skills:
 + Level 3.3 Dodging
 + Level 4.6 Stealth
 - Level 2.0 Spellcasting
 + Level 2.9 Conjurations
 + Level 4.4 Alchemy


You had 5 spell levels left.
You knew the following spells:

 Your Spells              Type           Power      Damage    Failure   Level
a - Sting                 Conj/Alch      60%        1d6       3%          1
b - Mercury Vapours       Alch/Air       20%        N/A       11%         2

Your spell library contained the following spells:

 Spells                   Type           Power      Damage    Failure   Level
 Mephitic Cloud           Conj/Alch/Air  11%        N/A       19%         3
 Olgreb's Toxic Radiance  Alch           18%        N/A       26%         4
 Sticky Flame             Fire/Alch      10%        2d5       56%         4
 Brom's Barrelling Bould  Conj/Erth      7%         2d3       67%         4
 Iskenderun's Battlesphe  Conj           12%        2d7       82%         5
 Fireball                 Conj/Fire      3%         3d4       95%         5
 Conjure Ball Lightning   Conj/Air       3%         3x3d6     100%        6
 Orb of Destruction       Conj           6%         9d6       100%        7
 Ozocubu's Refrigeration  Ice            0%         4d7       100%        7
 Discord                  Hex            0%         N/A       100%        8


Dungeon Overview and Level Annotations

Branches:
Dungeon (4/15)
 Temple: D:4-7

Altars:
The Shining One


Innate Abilities, Weirdness & Mutations

You cannot wear most types of armour.
You are amphibious.
You can wear up to eight rings at the same time.
Your skin changes colour to match your surroundings (Stealth+).
Your rubbery body absorbs attacks. (AC +1, EV +1)
((You are camouflaged when in or above water. (Stealth+)))
You have tentacles for arms and can constrict up to eight enemies at once.


Message History

You release your grip on the hobgoblin.
A hobgoblin comes into view. It is wearing an amulet of reflection.
The iguana hisses angrily.
The hobgoblin attacks as it pursues you!
The hobgoblin hits you.
* * * LOW HITPOINT WARNING * * *
The hobgoblin attacks as it pursues you!
The hobgoblin barely misses you.
The iguana hisses menacingly.
The hobgoblin hits you.
* * * LOW HITPOINT WARNING * * *
The hobgoblin attacks as it pursues you!
The hobgoblin misses you.
The hobgoblin attacks as it pursues you!
The hobgoblin closely misses you.
The hobgoblin attacks as it pursues you!
The hobgoblin hits you.
* * * LOW HITPOINT WARNING * * *
There is a stone staircase leading up here.
The hobgoblin barely misses you.
You climb upwards.
There is a stone staircase leading down here.
Casting: Mercury Vapours (safe; 11% risk of failure)
Confirm with . or Enter, or press ? or * to list all spells.
Aiming: Sting (safe; 3% risk of failure)
Press: ? - help, Shift-Dir - straight line, f - hobgoblin
Aim: a hobgoblin (lightly wounded, haloed, 82% to hit)
The sting hits the hobgoblin but does no damage.
The hobgoblin is poisoned.
The hobgoblin is lightly wounded.
The hobgoblin closely misses you.
The hobgoblin attacks as it pursues you!
The hobgoblin closely misses you.
Casting: Sting (safe; 3% risk of failure)
Confirm with . or Enter, or press ? or * to list all spells.
Aiming: Mercury Vapours (safe; 11% risk of failure)
Press: ? - help, Dir - move target, p - hobgoblin Fumes of mercury billow through the air!
The hobgoblin hits you.
You die...

....).#######.........#######
............+........##.....#####
..####.######........##.....'....
### #......#........##.....#####
#####.)###.###.............#
#.....).....#######.#......#
##.###.##.#...#####..#......#
...# #.##.#.#.##....##......#
.### #.##.#.#..g@#####......#
######.##.#.###.## #.#+####
.......##.#.# #.######.#.#
#########.#.# #.#......#.########
#....#.# #.#.######........#
#.####.# #.#.# #..#####.# #.# #.#
#.#.# #..# #.# #.# #.#
#.#.######.รท# #.# #.# #.#
#.#.........# #.#


You could see a hobgoblin (poisoned).

Vanquished Creatures
  A sleepcap (D:4)
  Terence (D:2)
  Robin (D:4)
  An adder (D:3)
  8 ribbon worms
  4 dart slugs
  7 orcs
  4 bats
  8 endoplasms
  2 giant cockroaches
  10 goblins
  12 hobgoblins
  6 jackals
  4 quokkas
  4 ball pythons
  4 frilled lizards
  5 kobolds
  8 rats
90 creatures vanquished.

Notes
Turn   | Place    | Note
-------+----------+-------------------------------------------
     0 | D:1      | Kass the Octopode Alchemist began the quest for the Orb.
     0 | D:1      | Reached XP level 1. HP: 11/11 MP: 3/3
   223 | D:1      | Reached XP level 2. HP: 17/17 MP: 3/5
   479 | D:1      | Learned a level 2 spell: Mercury Vapours
   647 | D:1      | Reached XP level 3. HP: 21/21 MP: 4/6
   962 | D:2      | Found a faded altar of an unknown god.
  1149 | D:2      | Prayed at the altar of an unknown god.
  1149 | D:2      | Became a worshipper of the Shining One
  1149 | D:2      | Reached * piety under the Shining One
  1511 | D:2      | Noticed Terence
  1528 | D:2      | Killed Terence
  1529 | D:2      | Reached XP level 4. HP: 21/27 MP: 3/7
  2330 | D:3      | Reached XP level 5. HP: 30/31 MP: 8/8
  3320 | D:4      | Noticed Robin
  3343 | D:4      | Killed Robin
  3376 | D:4      | HP: 1/31 [hobgoblin[Robin] (5)]
  3382 | D:3      | Slain by a hobgoblin

Illustrated notes

Levels and vault maps discovered:
D:1:      heliophobic_arrival_dark_side_of_the_moon, layout_loops_ring
D:2:      layout_loops_ring, ebering_ecumenical_altar_abandoned, uniq_terence
D:3:      layout_basic
D:4:      layout_rooms, uniq_robin

Skill      XL: |  1  2  3  4  5 |
---------------+----------------+-----
Stealth        | 3 4 |  4.6
Conjurations   | 2 |  2.9
Alchemy        | 4 |  4.4
Dodging        | 3 |  3.3
Spellcasting   | |  2.0

Action                     |  1- 3 |  4- 6 || total
---------------------------+-------+-------++-------
  Melee: Unarmed           |    53 |   116 ||   169
         Constrict         |    15 |    39 ||    54
         Tentacles         |     8 |    43 ||    51
         Punch             |     2 |     1 ||     3
   Cast: Sting             |    34 |    28 ||    62
         Mercury Vapours   |     3 |    13 ||    16
   Stab: Sleeping          |     4 |       ||     4
 Armour: Skin              |    35 |    46 ||    81
  Dodge: Dodged            |    41 |    72 ||   113
